 Seeded DCSS version 0.28-a0-1555-g9ae15a6949 (webtiles) character file.

Game seed: 20220110 (custom seed)

322 a11behringer the Cleaver (level 6, 0/53 HPs)
             Began as a Hill Orc Cinder Acolyte on Jan 18, 2022.
             Was a High Priest of Ignis.
             Slain by an ogre (13 damage)
             ... on level 4 of the Dungeon.
             The game lasted 00:06:37 (3610 turns).

a11behringer the Cleaver (Hill Orc Cinder Acolyte)  Turns: 3610, Time: 00:06:38

Health: 0/53       AC:  8    Str: 21    XL:     6   Next: 47%
Magic:  16/16      EV:  7    Int: 16    God:    Ignis [*****.]
Gold:   254        SH:  0    Dex: 10    Spells: 5/7 levels left

rFire   + . .      SeeInvis .   i - +1 battleaxe of the Shimmering Augurer {vamp, MP+9 Str+4 Dex+4}
rCold   . . .      Faith    .   (shield currently unavailable)
rNeg    . . .      Spirit   .   q - +0 chain mail
rPois   .          Reflect  .   (no helmet)
rElec   .          Harm     .   (no cloak)
rCorr   .          Rampage  .   (no gloves)
Will    .....                   (no boots)
Stlth   ..........              (no amulet)
HPRegen 0.17/turn               (no ring)
MPRegen 0.15/turn               (no ring)

@: no status effects
A: no striking features
a: Renounce Religion, Fiery Armour, Foxfire Swarm, Rising Flame


You were on level 4 of the Dungeon.
You worshipped Ignis.
Ignis was extremely pleased with you.
You visited 1 branch of the dungeon, and saw 4 of its levels.

You collected 254 gold pieces.

Inventory:

Hand Weapons
 a - a -1 hand axe of flaming
 d - a +0 hunting sling
 i - the +1 battleaxe of the Shimmering Augurer (weapon) {vamp, MP+9 Str+4 Dex+4}
   (You acquired it on level 3 of the Dungeon)

   It occasionally heals its wielder for a portion of the damage dealt when it
   wounds a living foe.
   Str:       It affects your strength (+4).
   Dex:       It affects your dexterity (+4).
   MP:        It affects your magic capacity (+9).
Missiles
 c - 53 sling bullets
 r - 38 arrows
Armour
 b - a +0 robe
 n - a +1 ring mail
 q - a +0 chain mail (worn)
Scrolls
 h - a scroll of teleportation
 p - a scroll of magic mapping {unknown}
 s - a scroll of noise {unknown}
 t - a scroll of identify
Potions
 e - 2 potions of degeneration {unknown}
 f - a potion of might {unknown}
 g - a potion of curing {unknown}
 j - 3 potions of flight
 k - 2 potions of resistance {unknown}
 l - 2 potions of attraction {unknown}
 m - a potion of heal wounds {unknown}
 o - a potion of mutation {unknown}


   Skills:
 + Level 4.6 Fighting
 * Level 8.1 Axes
 + Level 1.6 Armour
 + Level 0.5 Dodging
 - Level 0.1 Stealth
 + Level 1.1 Spellcasting
 + Level 3.3 Fire Magic


You had 5 spell levels left.
You knew the following spells:

 Your Spells              Type           Power      Damage    Failure   Level
a - Scorch                Fire           22%        2d6       65%         2

Your spell library contained the following spells:

 Spells                   Type           Power      Damage    Failure   Level
 Stone Arrow              Conj/Erth      0%         3d7       100%        3
 Animate Armour           Summ/Erth      0%         N/A       100%        4
 Lehudib's Crystal Spear  Conj/Erth      0%         10d2      100%        8


Dungeon Overview and Level Annotations

Branches:
Dungeon (4/15)
 Temple: D:4-7

Altars:


Message History

The bullfrog skeleton barely misses you.
You barely miss the bullfrog skeleton.
The bullfrog skeleton is moderately damaged.
The bullfrog skeleton hits you but does no damage.
The bullfrog skeleton hits you.
You slash the bullfrog skeleton!
The bullfrog skeleton is almost destroyed.
The bullfrog skeleton completely misses you.
The bullfrog skeleton barely misses you.
You barely miss the bullfrog skeleton.
The bullfrog skeleton is almost destroyed.
The bullfrog skeleton barely misses you.
You slash the bullfrog skeleton!
You destroy the bullfrog skeleton!
Your Axes skill increases to level 8!
No target in view!
You now have 237 gold pieces (gained 6).
You now have 254 gold pieces (gained 17).
An ogre comes into view. It is wielding a +0 giant spiked club.
The ogre shouts!
A ball python comes into view.
A hobgoblin comes into view.
You barely miss the ogre.
The hobgoblin shouts!
The ogre hits you with a +0 giant spiked club!
The ball python bites you but does no damage.
The ball python grabs you. The ball python constricts you.
You slice the ball python!!
You feel better.
You kill the ball python!
You slash the ogre!
The ogre hits you with a +0 giant spiked club!!
Ouch! That really hurt!
* * * LOW HITPOINT WARNING * * *
You are too injured to fight recklessly!
You are too injured to fight recklessly!
You are too injured to fight recklessly!
You hit the ogre.
You feel better.
The ogre is moderately wounded.
The ogre hits you with a +0 giant spiked club!
You die...

#.......... ####
#...^...... #...
#.......... #...
#.........( #...
#.......... .###...
#######.......... ...'...
.................
.###g..########..........
.......O@................
.#######################.
#. ## # # #


You could see an ogre and a hobgoblin.

Vanquished Creatures
  Menkaure (D:4)
  2 hounds (D:4)
  A bullfrog skeleton (D:4)
  An iguana (D:4)
  2 adders
  A worm (D:3)
  2 dart slugs
  7 orcs
  3 bats
  7 endoplasms
  A giant cockroach (D:3)
  5 goblins
  4 hobgoblins
  4 jackals (D:1)
  4 kobolds
  12 ball pythons
  3 frilled lizards
  4 rats
64 creatures vanquished.

Notes
Turn   | Place    | Note
-------+----------+-------------------------------------------
     0 | D:1      | a11behringer the Hill Orc Cinder Acolyte began the quest
                  | for the Orb.
     0 | D:1      | Reached XP level 1. HP: 19/19 MP: 2/2
   476 | D:1      | Reached XP level 2. HP: 26/27 MP: 3/3
  1380 | D:2      | Reached skill level 5 in Axes
  1381 | D:2      | Reached XP level 3. HP: 33/33 MP: 4/4
  1435 | D:2      | Found a faded altar of an unknown god.
  1594 | D:2      | Learned a level 2 spell: Scorch
  2145 | D:3      | Reached XP level 4. HP: 18/40 MP: 5/5
  2545 | D:3      | Identified a scroll of acquirement
  2545 | D:3      | Acquired the +1 battleaxe of the Shimmering Augurer {vamp,
                  | MP+9 Str+4 Dex+4}
  2962 | D:4      | Reached skill level 6 in Axes
  3030 | D:4      | Reached XP level 5. HP: 46/46 MP: 6/6
  3108 | D:4      | Reached skill level 7 in Axes
  3108 | D:4      | Reached skill level 1 in Armour
  3137 | D:4      | Noticed Menkaure
  3147 | D:4      | Killed Menkaure
  3148 | D:4      | Reached XP level 6. HP: 24/53 MP: 7/7
  3534 | D:4      | Reached skill level 8 in Axes
  3610 | D:4      | Slain by an ogre

Illustrated notes

Levels and vault maps discovered:
D:1:      mrwooster_arrival_statue, layout_loops_corners
D:2:      layout_rooms, ebering_ecumenical_altar_box
D:3:      layout_basic
D:4:      layout_basic, uniq_menkaure

Skill      XL: |  1  2  3  4  5  6 |
---------------+-------------------+-----
Axes           | 5 6 7 8 |  8.1
Fighting       | 4 |  4.6
Armour         | 1 |  1.6
Dodging        | |  0.5
Stealth        | |  0.1
Spellcasting   | |  1.1
Fire Magic     | |  3.3

Action                   |  1- 3 |  4- 6 || total
-------------------------+-------+-------++-------
Melee: Hand axe          |   132 |    21 ||   153
       Punch             |     2 |       ||     2
       Battleaxe         |       |    48 ||    48
Invok: Fiery Armour      |       |     1 ||     1
  Use: Scroll            |       |     4 ||     4
Armor: Robe              |    23 |       ||    23
       Ring mail         |    13 |    10 ||    23
       Chain mail        |       |    17 ||    17
Dodge: Dodged            |    84 |    38 ||   122

Table legend: (Time is in decaauts)
 A = Elapsed time spent in this place.
 B = Non-inter-level travel time spent in this place.
 C = Inter-level travel time spent in this place.
 D = Time resting spent in this place.
 E = Time spent auto-exploring this place.
 F = Levels seen in this place.
 G = Mean time per level.
                   A        B        C        D        E       F      G
               +--------+--------+--------+--------+--------+-----+--------+
         Total |   3633 |   3499 |    134 |      0 |   3029 |   4 |  908.2 |
       Dungeon |   3633 |   3499 |    134 |      0 |   3029 |   4 |  908.2 |
               +--------+--------+--------+--------+--------+-----+--------+

Top non-repeatable levels by time:
     D:1: 1256 daAuts
     D:3: 987 daAuts
     D:4: 708 daAuts
     D:2: 680 daAuts
